 Dungeon Crawl Stone Soup version 0.26-a0-259-g1effd001a9 (webtiles) character file.

Game seed: 16919132531935762086

672 Esekla the Stinger (level 7, -3/50 HPs)
             Began as a Formicid Venom Mage on July 13, 2020.
             Slain by Grinder (8 damage)
             ... on level 4 of the Dungeon.
             The game lasted 00:29:48 (4908 turns).

Esekla the Stinger (Formicid Venom Mage)            Turns: 4908, Time: 00:29:50

Health: -3/50      AC:  3    Str: 12    XL:     7   Next: 90%
Magic:  13/13      EV: 12    Int: 17    God:
Gold:   169        SH:  0    Dex: 11    Spells: 2/14 levels left

rFire    . . .     SeeInvis +   h - +0 great sword
rCold    . . .     Faith    .   (no shield)
rNeg     . . .     Spirit   .   k - +0 leather armour
rPois    .         Reflect  .   (helmet unavailable)
rElec    .         Harm     .   (no cloak)
rCorr    .                      (no gloves)
MR       .....                  (no boots)
Stlth    ++........             (no amulet)
HPRegen  0.16/turn              (no ring)
MPRegen  0.13/turn              (no ring)

@: no status effects
A: permanent stasis, dig shafts and tunnels, four strong arms, antennae 3
a: Dig, Shaft Self


You were on level 4 of the Dungeon.
You were not hungry.

You visited 1 branch of the dungeon, and saw 5 of its levels.

You collected 169 gold pieces.

Inventory:

Hand Weapons
 b - a +0 short sword
 h - a +0 great sword (weapon)
 j - a +2 dagger of venom
 s - a +0 trident
Armour
 a - a +0 robe
 k - a +0 leather armour (worn)
Wands
 m - a wand of random effects (14)
Scrolls
 f - 2 scrolls of enchant weapon {unknown}
 g - 3 scrolls of remove curse
 l - a scroll of identify {unknown}
 n - 4 scrolls of teleportation {unknown}
 u - a scroll of random uselessness {unknown}
 v - a scroll of blinking {unknown}
Potions
 e - a potion of magic {unknown}
 i - a potion of cancellation {unknown}
 o - a potion of mutation {unknown}
 p - 2 potions of stabbing {unknown}
 q - a potion of might {unknown}
 r - a potion of ambrosia {unknown}
 t - a potion of flight {unknown}
Comestibles
 c - 6 rations


   Skills:
 + Level 2.2 Fighting
 + Level 1.4(2.0) Short Blades
 + Level 2.2(2.4) Long Blades
 * Level 1.4 Armour
 + Level 2.1 Dodging
 + Level 3.3 Stealth
 * Level 4.4 Spellcasting
 * Level 1.8 Conjurations
 + Level 1.1 Transmutations
 * Level 1.0 Fire Magic
 * Level 2.5 Air Magic
 + Level 5.1 Poison Magic


You had 2 spell levels left.
You knew the following spells:

 Your Spells              Type           Power        Failure   Level
a - Sting                 Tmut/Pois      ##..         5%          1
c - Mephitic Cloud        Conj/Pois/Air  ##......     16%         3
f - Conjure Flame         Conj/Fire      #.......     32%         3
n - Ignite Poison         Fire/Tmut/Pois ##......     22%         3
v - Poisonous Vapours     Pois/Air       ###...       6%          2

Your spell library contained the following spells:

 Spells                   Type           Power        Failure   Level
 Magic Dart               Conj           ##..         9%          1
 Call Imp                 Summ           #.......     28%         2
 Slow                     Hex            #.......     28%         2
 Olgreb's Toxic Radiance  Pois           ###.....     22%         4
 Blink                    Tloc           Unusable     N/A         2

Dungeon Overview and Level Annotations

Branches:
Dungeon (5/15)
 Temple: D:4-7

Altars:
Kikubaaqudgha
Makhleb
Qazlal
Vehumet

Annotations:
D:4 Grinder


Innate Abilities, Weirdness & Mutations

You cannot be hasted, slowed, berserked, paralysed or teleported.
You can dig through walls and to a lower floor.
Your four strong arms can wield two-handed weapons with a shield.
You have a pair of large antennae on your head. (SInv)


Message History

Grinder is moderately wounded.
Grinder hits you!
You writhe in agony.
You barely miss Grinder.
Grinder is moderately wounded.
Grinder barely misses you. x2; You riposte.
You slash Grinder!
Grinder is severely wounded.
You barely miss Grinder.
Grinder is severely wounded.
Grinder hits you.
* * * LOW HITPOINT WARNING * * *
You writhe in agony.
* * * LOW HITPOINT WARNING * * *
You feel better. Grinder hits you!
* * * LOW HITPOINT WARNING * * *
You writhe in agony.
* * * LOW HITPOINT WARNING * * *
You closely miss Grinder.
Grinder is severely wounded.
Grinder hits you!
You die...

..........##..............
....########..............
.........############.....
..................#...#
.....................#
.....................#
######................#
#...........##........#
#.....@.....##.#.......
#.....5.....##.#...####
#...........##.#...# #
#...........##.#...# #
#...........##.#...# #
#...........##.#...####
#...........##.'...'...
#...........####...###.
#...# #.


You could see Grinder.

Vanquished Creatures
  Edmund (D:5)
  An ogre (D:3)
  A bullfrog (D:4)
  3 orc priests (D:3)
  A gnoll shaman (D:4)
  Jessica (D:2)
  Terence (D:2)
  2 orc wizards (D:3)
  5 gnolls (D:4)
  4 adders
  An ooze (D:1)
  2 worms (D:2)
  2 dart slugs
  3 leopard geckos
  15 orcs
  4 bats
  3 giant cockroaches
  9 goblins
  4 hobgoblins
  6 jackals (D:2)
  A quokka (D:2)
  5 frilled lizards
  7 kobolds
  A leopard gecko skeleton (D:5)
  11 rats
94 creatures vanquished.

Notes
Turn   | Place    | Note
-------+----------+-------------------------------------------
     0 | D:1      | Esekla the Formicid Venom Mage began the quest for the Orb.
     0 | D:1      | Reached XP level 1. HP: 13/13 MP: 3/3
   129 | D:1      | Reached XP level 2. HP: 18/20 MP: 2/5
   138 | D:1      | Learned a level 2 spell: Poisonous Vapours
   506 | D:1      | Reached skill level 1 in Fighting
   567 | D:1      | Reached XP level 3. HP: 26/26 MP: 7/7
   627 | D:1      | Learned a level 3 spell: Mephitic Cloud
   628 | D:1      | You fall into a shaft and drop 1 floor!
   628 | D:2      | Found a burning altar of Makhleb.
   628 | D:2      | Found a radiant altar of Vehumet.
  1064 | D:4      | Noticed a bullfrog
  1100 | D:4      | Killed a bullfrog
  1100 | D:4      | Reached XP level 4. HP: 27/33 MP: 0/9
  1100 | D:4      | Reached XP level 5. HP: 31/38 MP: 0/10
  1119 | D:4      | Reached skill level 1 in Short Blades
  1321 | D:5      | Entered Level 5 of the Dungeon
  1379 | D:5      | Noticed a lemure
  1660 | D:4      | Noticed Grinder
  1677 | D:3      | Learned a level 3 spell: Ignite Poison
  1884 | D:3      | Noticed an ogre
  1903 | D:3      | Killed an ogre
  1903 | D:3      | Reached skill level 1 in Conjurations
  1903 | D:3      | Reached skill level 1 in Air Magic
  1903 | D:3      | Reached XP level 6. HP: 44/44 MP: 4/11
  2143 | D:2      | Noticed Jessica
  2146 | D:2      | Killed Jessica
  2306 | D:2      | Noticed Terence
  2905 | D:2      | Killed Terence
  3367 | D:3      | Found a stormy altar of Qazlal.
  3393 | D:3      | Reached skill level 1 in Long Blades
  3462 | D:3      | Reached XP level 7. HP: 26/50 MP: 1/13
  3841 | D:3      | Reached skill level 5 in Poison Magic
  4357 | D:4      | Found an ancient bone altar of Kikubaaqudgha.
  4397 | D:4      | Learned a level 3 spell: Conjure Flame
  4681 | D:5      | Noticed Edmund
  4716 | D:5      | Killed Edmund
  4716 | D:5      | Reached skill level 1 in Armour
  4716 | D:5      | Reached skill level 1 in Fire Magic
  4908 | D:4      | Slain by Grinder

Illustrated notes

Levels and vault maps discovered:
D:1:      dpeg_arrival_tiny_k, layout_rooms
D:2:      layout_basic, nicolae_overflow_hidden_temple, uniq_jessica,
          uniq_terence
D:3:      layout_loops_corners, nicolae_qazlal_eye_of_the_storm, first_ration
D:4:      layout_basic, kennysheep_mini_moat, corexii_item_surrounded_by_moat,
          kennysheep_generic_room_15, uniq_grinder
D:5:      layout_basic, minmay_temple_entry_enclosed_plants, uniq_edmund,
          uniq_pikel

Skill      XL: |  1  2  3  4  5  6  7 |
---------------+----------------------+-----
Fighting       | 1 2 |  2.2
Dodging        | 2 |  2.1
Spellcasting   | 3 4 |  4.4
Short Blades   | 1 |  1.4
Stealth        | 3 |  3.3
Conjurations   | 1 |  1.8
Air Magic      | 1 2 |  2.5
Long Blades    | 2 |  2.2
Poison Magic   | 5 |  5.1
Armour         | 1 |  1.4
Fire Magic     | 1 |  1.0
Transmutations | |  1.1

Action                   |  1- 3 |  4- 6 |  7- 9 || total
-------------------------+-------+-------+-------++-------
Melee: Short sword       |    37 |     9 |       ||    46
       Great sword       |       |     8 |     7 ||    15
       Dagger            |       |    31 |    58 ||    89
 Cast: Sting             |     7 |       |       ||     7
       Poisonous Vapours |    13 |    44 |    27 ||    84
       Mephitic Cloud    |       |       |     3 ||     3
 Abil: Dig               |       |     1 |       ||     1
  Use: Potion            |       |     1 |     1 ||     2
       Scroll            |       |       |     1 ||     1
 Stab: Sleeping          |     1 |     8 |       ||     9
       Confused          |       |       |     3 ||     3
  Eat: Ration            |       |     3 |     1 ||     4
Armor: Robe              |    10 |     3 |       ||    13
       Leather armour    |       |     2 |     3 ||     5
Dodge: Dodged            |    26 |    25 |    30 ||    81
       Rpst.: Great sword |       |     1 |     2 ||     3

Table legend:
 A = Non-vault XP
 B = Vault XP
 C = Vault XP percentage of total XP
 D = Non-vault monster count
 E = Vault monster count
 F = Vault count percentage of total count
                 A         B        C        D         E       F
            +---------+---------+-------+---------+---------+-------
      Total |     722 |     239 |  24.9 |      91 |       3 |   3.2
            +---------+---------+-------+---------+---------+-------
        D:1 |      46 |       0 |   0.0 |      27 |       0 |   0.0
        D:2 |      54 |      73 |  57.5 |      26 |       2 |   7.1
        D:3 |     392 |       0 |   0.0 |      24 |       0 |   0.0
        D:4 |     220 |       0 |   0.0 |      10 |       0 |   0.0
        D:5 |      10 |     166 |  94.3 |       4 |       1 |  20.0
            +---------+---------+-------+---------+---------+-------
